[Event "Titled Tuesday Blitz August 22 Early 2023"]
[White "Wu, Derek"]
[Black "jjbolanos"]
[WhiteFideId "30914558"]
[WhiteElo "2678"]
[BlackElo "2051"]
[Result "1-0"]
[Round "9"]
[TimeControl "180+1"]
[Date "2023.08.22"]
[WhiteClock "0:00:12"]
[BlackClock "0:00:03"]
[Board "180"]

1. e4 c5 2. Nf3 e6 3. d4 cxd4 4. Nxd4 a6 5. Bd3 Nf6 6. O-O Qc7 7. c4 Nc6 8. Nxc6 dxc6 9. f4 e5 10. Nc3 Bc5+ 11. Kh1 O-O 12. f5 Rd8 13. Qf3 b5 14. Bg5 b4 15. Bxf6 gxf6 16. Ne2 Kh8 17. Rad1 Bb7 18. Ng3 Bd4 19. Nh5 Qe7 20. Rd2 Rg8 21. Rfd1 c5 22. Qh3 Rg5 23. Ng3 Rag8 24. Qh6 Be3 25. Re2 Bf4 26. Nh5 R5g6 27. Qxf4 exf4 28. fxg6 fxg6 29. Nxf4 Qe5 30. Rf1 Rd8 31. Bb1 Bc8 32. h3 Bb7 33. Bc2 Rd4 34. Ref2 Rxc4 35. Bb3 Rxe4 36. Nd3 Qh5 37. Rxf6 Re8 38. Rf8+ Rxf8 39. Rxf8+ Kg7 40. Rf7+ Kh6 41. Rxb7 Qe2 42. Rd7 a5 43. Bc4 Qd2 44. b3 Qd1+ 45. Kh2 a4 46. Ne5 Qc2 47. Nf7+ Kh5 48. Rd5+ Kh4 1-0


[Site "https://www.chess.com"]

[Event "Titled Tuesday Blitz August 22 Early 2023"]
[White "Ghosh, Chanchal Kumer"]
[Black "Novikova, Galina"]
[WhiteFideId "10201858"]
[BlackFideId "4157095"]
[WhiteElo "2086"]
[BlackElo "2394"]
[Result "0-1"]
[Round "9"]
[TimeControl "180+1"]
[Date "2023.08.22"]
[WhiteClock "0:00:17"]
[BlackClock "0:00:21"]
[Board "182"]

1. e4 e5 2. Nf3 Nc6 3. Bc4 Nf6 4. Ng5 d5 5. exd5 b5 6. Bf1 Nd4 7. c3 Nxd5 8. cxd4 Qxg5 9. Bxb5+ Kd8 10. Qf3 Bb7 11. O-O exd4 12. d3 Qg6 13. Bc4 c6 14. Nd2 Bd6 15. Ne4 Bc7 16. Nc5 Bc8 17. Bxd5 Qd6 18. Bg5+ f6 19. Bf4 Qxd5 20. Bxc7+ Kxc7 21. Qg3+ Qe5 22. Qxg7+ Kb6 23. Na4+ Ka5 24. Qxh8 Kxa4 25. Rfe1 Qg5 26. Qe8 Bb7 27. Qe7 Rg8 28. g3 Rg7 29. Qa3+ Kb5 30. Qb3+ Ka6 31. Qa4+ Kb6 32. Qxd4+ Kc7 33. Qxa7 Qd5 34. Qa5+ Qxa5 35. Re4 Qd5 36. Rae1 c5 37. f3 Qxd3 38. R4e3 Qd4 39. Re2 Re7 40. Kf2 Rxe3 41. Rxe3 c4 42. a3 Qxb2+ 43. Re2 Qxa3 44. Re3 Qc5 45. Ke2 c3 46. Kf2 c2 0-1


[Site "https://www.chess.com"]

[Event "Titled Tuesday Blitz August 22 Early 2023"]
[White "Nakamura, Hikaru"]
[Black "Nihal Sarin"]
[WhiteFideId "2016192"]
[BlackFideId "25092340"]
[WhiteElo "3227"]
[BlackElo "3149"]
[Result "0-1"]
[Round "10"]
[TimeControl "180+1"]
[Date "2023.08.22"]
[WhiteClock "0:00:33"]
[BlackClock "0:01:26"]
[Board "1"]

1. e4 e5 2. Nf3 Nf6 3. Nxe5 d6 4. Nd3 Nxe4 5. Qe2 Qe7 6. Nf4 c6 7. d4 d5 8. f3 Nd6 9. c3 h5 10. Na3 Bf5 11. Be3 Nd7 12. O-O-O O-O-O 13. Re1 Re8 14. Qd2 Nb6 15. Bf2 Qd7 16. Rxe8+ Qxe8 17. Nc2 Ndc4 18. Qd1 Bd6 19. Nd3 Na4 20. Qe2 Naxb2 21. Nce1 Ba3 22. Kc2 Qd8 23. Kb1 0-1


[Site "https://www.chess.com"]

[Event "Titled Tuesday Blitz August 22 Early 2023"]
[White "Vachier-Lagrave, Maxime"]
[Black "Erigaisi Arjun"]
[WhiteFideId "623539"]
[BlackFideId "35009192"]
[WhiteElo "3141"]
[BlackElo "3073"]
[Result "0-1"]
[Round "10"]
[TimeControl "180+1"]
[Date "2023.08.22"]
[WhiteClock "0:00:00"]
[BlackClock "0:00:05"]
[Board "2"]

1. Nf3 d6 2. e4 c5 3. d4 cxd4 4. Nxd4 Nf6 5. Nc3 a6 6. Bd3 g6 7. f3 Bg7 8. Be3 O-O 9. Qd2 Nc6 10. O-O-O d5 11. Qf2 e5 12. Nxc6 bxc6 13. Bb6 Qd7 14. Bc5 Rd8 15. Na4 Qb7 16. Rhe1 Be6 17. b3 Nd7 18. Be7 Re8 19. Ba3 d4 20. Qf1 Bf8 21. Bxf8 Rxf8 22. Bc4 Bxc4 23. Qxc4 Qb5 24. Nb2 Nb6 25. Qxb5 axb5 26. Nd3 Nd7 27. Kb2 c5 28. a3 c4 29. Nb4 c3+ 30. Ka2 Rfc8 31. Nd3 Ra7 32. Rb1 Rca8 33. a4 f6 34. Ka3 Kf7 35. f4 Ke6 36. Rf1 Kd6 37. fxe5+ fxe5 38. Rf7 Nc5 39. Rxa7 Rxa7 40. Nxc5 Kxc5 41. b4+ Kc4 42. a5 d3 43. cxd3+ Kxd3 44. Rd1+ Kc4 45. Rd5 Rc7 46. a6 c2 47. Kb2 Kxb4 48. Kc1 Ka5 49. Rxe5 Kxa6 50. Re8 b4 51. Rb8 Ka5 52. e5 Ka4 53. e6 Kb3 54. g4 Ra7 55. Rc8 Ra1+ 56. Kd2 Rd1+ 0-1


[Site "https://www.chess.com"]

[Event "Titled Tuesday Blitz August 22 Early 2023"]
[White "Esipenko, Andrey"]
[Black "Zhigalko, Sergei"]
[WhiteFideId "24175439"]
[BlackFideId "13502956"]
[WhiteElo "2985"]
[BlackElo "2950"]
[Result "1-0"]
[Round "10"]
[TimeControl "180+1"]
[Date "2023.08.22"]
[WhiteClock "0:00:02"]
[BlackClock "0:00:00"]
[Board "3"]

1. Nf3 d5 2. g3 c6 3. Bg2 Bg4 4. O-O e6 5. d3 Bd6 6. Nbd2 Ne7 7. h3 Bh5 8. e4 O-O 9. Qe1 a5 10. Nh4 Ng6 11. Ndf3 Nd7 12. Nxg6 Bxg6 13. Nh4 Be7 14. Nxg6 hxg6 15. f4 a4 16. a3 Qb6+ 17. Kh2 Rfe8 18. e5 Rac8 19. Qe2 Qc7 20. h4 b5 21. Bf3 c5 22. Kg2 c4 23. d4 c3 24. b4 Nb6 25. Qf2 Nc4 26. Be2 f5 27. exf6 Bxf6 28. Bd3 Kf7 29. Qe2 Rh8 30. Be3 Qb6 31. Bf2 Bxd4 32. Bxd4 Qxd4 33. Rae1 Qf6 34. Qg4 d4 35. f5 gxf5 36. Bxf5 1-0


[Site "https://www.chess.com"]

[Event "Titled Tuesday Blitz August 22 Early 2023"]
[White "Chigaev, Maksim"]
[Black "Terry, Renato"]
[WhiteFideId "4108116"]
[BlackFideId "3803457"]
[WhiteElo "2935"]
[BlackElo "2968"]
[Result "1-0"]
[Round "10"]
[TimeControl "180+1"]
[Date "2023.08.22"]
[WhiteClock "0:00:22"]
[BlackClock "0:00:05"]
[Board "4"]

1. c4 b6 2. Nf3 Bb7 3. e3 c5 4. Nc3 g6 5. g3 Bg7 6. Bg2 Nf6 7. O-O O-O 8. Re1 d5 9. cxd5 Nxd5 10. d4 cxd4 11. exd4 e6 12. Bg5 Nxc3 13. bxc3 Qd5 14. h4 Nd7 15. h5 Qa5 16. h6 Bh8 17. Be7 Rfe8 18. Bb4 Qh5 19. Ne5 Qxd1 20. Raxd1 Bxg2 21. Kxg2 Nf6 22. c4 Rac8 23. d5 Nh5 24. Nc6 Bf6 25. Bd6 Bg5 26. f4 Bxh6 27. Ne7+ Kg7 28. Nxc8 Rxc8 29. dxe6 fxe6 30. Rxe6 Rxc4 31. Re7+ Kg8 32. Rxa7 Rc2+ 33. Kh3 Rc3 34. Be5 Rxg3+ 35. Kh2 Bf8 36. Rd8 Rd3 37. Rxd3 1-0


[Site "https://www.chess.com"]

[Event "Titled Tuesday Blitz August 22 Early 2023"]
[White "CrazyAdvenTures"]
[Black "Demchenko, Anton"]
[BlackFideId "4160258"]
[WhiteElo "2717"]
[BlackElo "2958"]
[Result "0-1"]
[Round "10"]
[TimeControl "180+1"]
[Date "2023.08.22"]
[WhiteClock "0:00:00"]
[BlackClock "0:00:16"]
[Board "5"]

1. e4 e5 2. Nc3 Nf6 3. Bc4 Nc6 4. d3 Bb4 5. Nf3 d6 6. h3 h6 7. O-O Bxc3 8. bxc3 g5 9. Nh2 Qe7 10. Re1 Bd7 11. d4 b6 12. a4 Na5 13. Ba2 c5 14. Ba3 Kf8 15. Qf3 h5 16. Qg3 Rg8 17. Rad1 h4 18. Qe3 Bxa4 19. Nf3 Nh5 20. dxe5 dxe5 21. Rd5 Nc6 22. c4 Nf4 23. Bb2 f6 24. g3 hxg3 25. fxg3 g4 26. gxf4 gxf3+ 27. Kh1 Rg3 28. Kh2 Qg7 29. Rg1 Rg2+ 30. Kh1 Qg3 0-1


[Site "https://www.chess.com"]

[Event "Titled Tuesday Blitz August 22 Early 2023"]
[White "Rasulov, Vugar"]
[Black "Sarana, Alexey"]
[WhiteFideId "13402390"]
[BlackFideId "24133795"]
[WhiteElo "2898"]
[BlackElo "3037"]
[Result "0-1"]
[Round "10"]
[TimeControl "180+1"]
[Date "2023.08.22"]
[WhiteClock "0:00:02"]
[BlackClock "0:00:55"]
[Board "6"]

1. Nf3 d5 2. c4 d4 3. g3 Nc6 4. Bg2 e5 5. O-O Bd6 6. d3 Nf6 7. b4 Nxb4 8. Ba3 Nc6 9. Bxd6 cxd6 10. Nbd2 O-O 11. Rb1 Qc7 12. Qa4 Bd7 13. Qa3 b6 14. Ng5 Rad8 15. Nge4 Ne8 16. f4 f5 17. Ng5 Nf6 18. Bd5+ Nxd5 19. cxd5 Na5 20. Rbc1 Qb8 21. fxe5 dxe5 22. Ne6 Bxe6 23. dxe6 Rde8 24. e7 Rf6 25. Nf3 h6 26. Nh4 g6 27. g4 f4 28. Nf3 Nc6 29. g5 hxg5 30. Nxg5 Nxe7 31. Qb3+ Kg7 32. Kh1 Nf5 33. Rf3 Qb7 34. Kg1 Nh4 35. Rf2 f3 36. Ne4 Rc6 37. Rcf1 Rf8 38. exf3 Qe7 39. Kh1 Rf4 40. Rg1 Rxf3 41. Rxf3 Nxf3 42. Rg3 Rc1+ 43. Kg2 Rg1+ 44. Kxf3 Qf8+ 45. Kg4 Qf5+ 46. Kh4 Qh5# 0-1


[Site "https://www.chess.com"]

[Event "Titled Tuesday Blitz August 22 Early 2023"]
[White "Elsa167"]
[Black "Dubov, Daniil"]
[BlackFideId "24126055"]
[WhiteElo "2884"]
[BlackElo "3035"]
[Result "0-1"]
[Round "10"]
[TimeControl "180+1"]
[Date "2023.08.22"]
[WhiteClock "0:01:48"]
[BlackClock "0:01:46"]
[Board "7"]

1. d4 d5 2. c4 e6 3. Nf3 Nf6 4. Nc3 Be7 5. g3 O-O 6. Bg2 Nbd7 7. b3 b6 8. O-O Bb7 9. cxd5 Nxd5 10. Nxd5 Bxd5 11. Bb2 Qc8 12. Qd3 Qb7 13. Nd2 Bxg2 14. Rfc1 Bh3 15. e4 Rad8 16. Qf3 f5 17. d5 Nc5 18. Qc3 Bf6 19. e5 Qxd5 0-1


[Site "https://www.chess.com"]

[Event "Titled Tuesday Blitz August 22 Early 2023"]
[White "Cordova, Emilio"]
[Black "Bluebaum, Matthias"]
[WhiteFideId "3801497"]
[BlackFideId "24651516"]
[WhiteElo "2884"]
[BlackElo "3018"]
[Result "0-1"]
[Round "10"]
[TimeControl "180+1"]
[Date "2023.08.22"]
[WhiteClock "0:00:19"]
[BlackClock "0:01:33"]
[Board "8"]

1. Nf3 d5 2. c4 d4 3. e3 c5 4. b4 Nf6 5. Bb2 dxe3 6. fxe3 cxb4 7. a3 bxa3 8. Nxa3 g6 9. Be2 Bg7 10. O-O O-O 11. Qe1 Nc6 12. Qh4 h6 13. d4 Bf5 14. d5 Nb4 15. Nd4 Bd3 16. Rae1 Bxe2 17. Rxe2 Nd3 18. Ba1 Rc8 19. Ndc2 Nc5 20. e4 e5 21. Bxe5 Nfxe4 22. Qxd8 Rfxd8 23. Bxg7 Kxg7 24. Nb5 a6 25. Nbd4 Re8 26. g4 Nd6 27. Ref2 Nd7 28. Na3 Re4 29. Rf4 Rxf4 30. Rxf4 Ne5 31. Nb3 Nexc4 32. Nc2 Nd2 33. Ncd4 Nxb3 34. Nxb3 Rc4 0-1


[Site "https://www.chess.com"]

[Event "Titled Tuesday Blitz August 22 Early 2023"]
[White "Xiong, Jeffery"]
[Black "Jones, Gawain C B"]
[WhiteFideId "2047640"]
[BlackFideId "409561"]
[WhiteElo "3000"]
[BlackElo "2879"]
[Result "0-1"]
[Round "10"]
[TimeControl "180+1"]
[Date "2023.08.22"]
[WhiteClock "0:00:00"]
[BlackClock "0:01:31"]
[Board "9"]

1. d4 Nf6 2. Nf3 g6 3. Nc3 d5 4. Bf4 Bg7 5. Nb5 Na6 6. h3 O-O 7. e3 Ne4 8. c3 c6 9. Na3 Qb6 10. Qb3 f6 11. Be2 e5 12. Bh2 exd4 13. exd4 Re8 14. Nc2 Bh6 15. Qxb6 axb6 16. Rf1 Bd7 17. Kd1 Re7 18. Bd3 Bf5 19. Bxe4 Bxe4 20. Re1 Rae8 21. a4 Kf7 22. Bd6 Bxc2+ 23. Kxc2 Re2+ 24. Rxe2 Rxe2+ 25. Kb3 Rxf2 26. Rg1 Bf8 27. Bf4 g5 28. Bg3 Re2 29. Ne1 c5 30. Rf1 Ke6 0-1


[Site "https://www.chess.com"]

[Event "Titled Tuesday Blitz August 22 Early 2023"]
[White "Andreikin, Dmitry"]
[Black "Ibrahimli, Murad"]
[WhiteFideId "4158814"]
[BlackFideId "13410229"]
[WhiteElo "2999"]
[BlackElo "2877"]
[Result "1/2-1/2"]
[Round "10"]
[TimeControl "180+1"]
[Date "2023.08.22"]
[WhiteClock "0:00:05"]
[BlackClock "0:00:08"]
[Board "10"]

1. d4 Nf6 2. c4 e6 3. Nf3 d5 4. Bg5 dxc4 5. e4 h6 6. Bxf6 Qxf6 7. Bxc4 c5 8. e5 Qd8 9. d5 exd5 10. Bxd5 Be7 11. Nc3 O-O 12. Qb3 Nc6 13. O-O-O Qb6 14. Rhe1 Qxb3 15. Bxb3 Bg4 16. Re4 Bf5 17. Rf4 g6 18. Nd5 Rad8 19. h4 Kg7 20. Ne3 Rxd1+ 21. Kxd1 Bc8 22. Ke2 b5 23. Bd5 Nb4 24. a3 Nxd5 25. Nxd5 Bd8 26. Nf6 Be6 27. g4 Be7 28. g5 hxg5 29. Nxg5 Bc4+ 30. Ke1 Rh8 31. Nfe4 Bxg5 32. Nxg5 Re8 33. Re4 Bd5 34. Re3 c4 35. f4 Rh8 36. Rh3 a5 37. Kd2 b4 38. axb4 axb4 39. Rh2 f6 40. exf6+ Kxf6 41. Ke3 Kf5 42. Kd4 Rd8 43. Kc5 b3 44. Rd2 c3 45. bxc3 Rc8+ 46. Kb4 Kxf4 47. Ka3 Ra8+ 48. Kb2 Ke5 49. Re2+ Kd6 50. Ne4+ Kc6 51. Nd2 Ra2+ 52. Kb1 Rc2 53. Rf2 Rxc3 54. Rf6+ Kc5 55. Rxg6 Rd3 56. Kc1 Kb4 57. Rg7 Rc3+ 58. Kb1 Rd3 59. Nxb3 Rxb3+ 60. Kc1 Rh3 61. Kd2 Rxh4 62. Ke3 Re4+ 63. Kd3 Kc5 64. Rh7 Ra4 65. Kc3 Ra3+ 66. Kd2 Kd4 67. Rd7 Ra2+ 68. Kd1 Ke4 69. Kc1 Kd4 70. Kd1 Rg2 71. Rd8 Ke4 72. Kc1 Bc4 73. Rd2 Rg1+ 74. Kc2 Ke3 75. Rh2 Bd3+ 76. Kc3 Rc1+ 77. Kb2 Rb1+ 78. Kc3 Be4 79. Rh3+ Bf3 80. Rh4 Rc1+ 81. Kb4 Rc8 82. Ka4 Be4 83. Kb4 Kd4 84. Ka4 Ra8+ 85. Kb4 Rb8+ 86. Ka4 Rb1 87. Rg4 Kd5 88. Ka3 Bd3 89. Rb4 Ra1+ 90. Kb2 Rb1+ 91. Kc3 Rxb4 92. Kxb4 1/2-1/2


[Site "https://www.chess.com"]

[Event "Titled Tuesday Blitz August 22 Early 2023"]
[White "Timofeev, Artyom"]
[Black "Svane, Rasmus"]
[WhiteFideId "4140419"]
[BlackFideId "4657101"]
[WhiteElo "2857"]
[BlackElo "2996"]
[Result "0-1"]
[Round "10"]
[TimeControl "180+1"]
[Date "2023.08.22"]
[WhiteClock "0:00:08"]
[BlackClock "0:00:14"]
[Board "11"]

1. e4 c6 2. d4 d5 3. exd5 cxd5 4. Bd3 Nc6 5. c3 Nf6 6. h3 e5 7. dxe5 Nxe5 8. Nf3 Nxd3+ 9. Qxd3 Bd6 10. O-O O-O 11. Be3 Be6 12. Nbd2 Re8 13. Nd4 Qd7 14. Nxe6 fxe6 15. c4 Rac8 16. Rad1 Bc5 17. cxd5 Qxd5 18. Qe2 Qxa2 19. Bxc5 Rxc5 20. Nf3 Qc4 21. Qe3 Qb4 22. Rfe1 a5 23. Ne5 Rd5 24. b3 h6 25. Rc1 Qd4 26. Rc7 Qxe3 27. Rxe3 Rd1+ 28. Kh2 Nd5 29. Rxb7 Nxe3 30. fxe3 Rc8 31. Nc4 a4 32. Nb6 Rc2 33. bxa4 Rdd2 34. Kg3 Rxg2+ 35. Kf3 Rcf2+ 36. Ke4 Ra2 37. Kd4 Rh2 38. Ra7 Rxh3 39. a5 Rh5 40. Nc4 Ra4 41. e4 Rb5 42. a6 Rbb4 43. Rc7 Rxa6 44. Ke5 Rb5+ 45. Kf4 Rh5 46. Ne5 Rh4+ 47. Ke3 Ra3+ 48. Kd4 Ra4+ 49. Nc4 Rg4 50. Ke5 h5 51. Nd6 Kh7 52. Kxe6 Raxe4+ 53. Nxe4 Rxe4+ 54. Kf5 Rg4 55. Rc8 g6+ 56. Kf6 Rf4+ 57. Kg5 Rf5+ 58. Kh4 Re5 59. Rd8 Re4+ 60. Kg5 Rg4+ 61. Kf6 Rg2 62. Ra8 h4 63. Ra4 g5 64. Kf5 Kh6 65. Ra8 Rf2+ 66. Kg4 Rf4+ 67. Kh3 Rd4 68. Rh8+ Kg7 69. Ra8 Rd3+ 70. Kg4 Rg3+ 71. Kf5 h3 72. Ra7+ Kh6 73. Ra6+ Kh5 74. Ra8 Rf3+ 75. Ke4 g4 76. Rh8+ Kg5 77. Rh7 Rf1 78. Rh8 Rf7 79. Rg8+ Kh4 0-1


[Site "https://www.chess.com"]

[Event "Titled Tuesday Blitz August 22 Early 2023"]
[White "Dardha, Daniel"]
[Black "Pakleza, Zbigniew"]
[WhiteFideId "240990"]
[BlackFideId "1119290"]
[WhiteElo "2949"]
[BlackElo "2852"]
[Result "1-0"]
[Round "10"]
[TimeControl "180+1"]
[Date "2023.08.22"]
[WhiteClock "0:00:09"]
[BlackClock "0:00:00"]
[Board "12"]

1. e4 d6 2. d4 Nf6 3. Nc3 c6 4. Nf3 Bg4 5. h3 Bh5 6. g4 Bg6 7. Qe2 e6 8. h4 h5 9. g5 Nfd7 10. Bh3 Be7 11. Be3 d5 12. Nd2 Bb4 13. f3 Qa5 14. O-O O-O 15. Nd1 Qc7 16. c3 Bd6 17. e5 Be7 18. f4 c5 19. f5 exf5 20. Nf2 cxd4 21. cxd4 f4 22. Bxf4 Nc6 23. Nf3 Nb6 24. Bg3 Nc4 25. Nd3 Qb6 26. Bf2 Be4 27. Nf4 g6 28. b3 Na3 29. Rad1 Nb4 30. Nd2 Bc2 31. Rde1 Rad8 32. e6 f6 33. Be3 fxg5 34. hxg5 Bxg5 35. Qg2 Bxf4 36. Bxf4 Qxd4+ 37. Be3 Rxf1+ 38. Nxf1 Qg7 39. Bc5 a5 40. e7 Re8 41. Bd7 Qc3 42. Bxe8 Qxc5+ 43. Kh1 Be4 44. Rxe4 dxe4 45. Qxg6+ Kh8 46. Qf6+ Kh7 47. Bg6+ 1-0


[Site "https://www.chess.com"]

[Event "Titled Tuesday Blitz August 22 Early 2023"]
[White "Donchenko, Alexander"]
[Black "Kosakowski, Jakub"]
[WhiteFideId "24603295"]
[BlackFideId "1185080"]
[WhiteElo "2942"]
[BlackElo "2826"]
[Result "1-0"]
[Round "10"]
[TimeControl "180+1"]
[Date "2023.08.22"]
[WhiteClock "0:01:19"]
[BlackClock "0:00:27"]
[Board "13"]

1. d4 Nf6 2. c4 e6 3. g3 d5 4. Bg2 Bb4+ 5. Nd2 O-O 6. Nf3 b6 7. O-O Bb7 8. b3 Re8 9. Bb2 Bf8 10. Rc1 Nbd7 11. Qc2 c5 12. cxd5 exd5 13. e3 Rc8 14. Qb1 h6 15. Rfd1 Bd6 16. Nh4 Bf8 17. Nf5 Ba6 18. dxc5 bxc5 19. Nf3 Qb6 20. Qa1 Qe6 21. Bh3 Qb6 22. Ne5 Nxe5 23. Bxe5 Bb7 24. Bxf6 Qxf6 25. Qxf6 gxf6 26. Bg2 Re5 27. Nh4 Rc7 28. Nf3 Re6 29. Ne1 Ra6 30. Rc2 c4 31. Bxd5 Bxd5 32. Rxd5 cxb3 33. Rxc7 bxa2 34. Nc2 1-0


[Site "https://www.chess.com"]

[Event "Titled Tuesday Blitz August 22 Early 2023"]
[White "Henriquez Villagra, Cristobal"]
[Black "Hulka, Valentyn"]
[WhiteFideId "3409350"]
[BlackFideId "34107061"]
[WhiteElo "2933"]
[BlackElo "2758"]
[Result "1-0"]
[Round "10"]
[TimeControl "180+1"]
[Date "2023.08.22"]
[WhiteClock "0:00:13"]
[BlackClock "0:00:01"]
[Board "14"]

1. e4 c5 2. Nf3 Nc6 3. Nc3 Nf6 4. g3 d5 5. exd5 Nxd5 6. Bg2 g6 7. O-O Bg7 8. Re1 Nxc3 9. dxc3 Qxd1 10. Rxd1 Bf5 11. Ne1 Rc8 12. Nd3 b6 13. h3 h5 14. Bg5 O-O 15. Rd2 Rfd8 16. Rad1 f6 17. Be3 Kf7 18. Bxc6 Rxc6 19. Ne5+ fxe5 20. Rxd8 Bxh3 21. a4 Bg4 22. R1d2 Bf3 23. R8d7 Bf6 24. Rxa7 Rc8 25. Rad7 Rh8 26. Rd8 Rh7 27. b4 h4 28. g4 h3 29. Kh2 e4 30. Bf4 Bxc3 31. bxc5 Bxd2 32. Bxd2 bxc5 33. a5 Rh4 34. a6 Rxg4 35. a7 e3 36. Bxe3 Ra4 37. Bxc5 Bg2 38. Be3 Ra2 39. Rc8 Ke6 40. c3 Kd7 41. Rc4 e5 42. Rg4 Ra1 43. Rxg6 Bd5 44. Rh6 Rh1+ 45. Kg3 Rg1+ 46. Kxh3 Rh1+ 47. Kg4 Rxh6 48. Bxh6 Kc6 49. a8=Q+ 1-0


[Site "https://www.chess.com"]

[Event "Titled Tuesday Blitz August 22 Early 2023"]
[White "Kovalev, Vladislav"]
[Black "Dehtiarov, Roman"]
[WhiteFideId "13504398"]
[BlackFideId "14186640"]
[WhiteElo "2921"]
[BlackElo "2723"]
[Result "1-0"]
[Round "10"]
[TimeControl "180+1"]
[Date "2023.08.22"]
[WhiteClock "0:00:05"]
[BlackClock "0:00:01"]
[Board "15"]

1. e4 e5 2. Nf3 Nc6 3. Bb5 a6 4. Ba4 Nf6 5. O-O Be7 6. d3 d6 7. c3 O-O 8. Nbd2 Re8 9. Re1 Bf8 10. Nf1 b5 11. Bc2 g6 12. Bg5 h6 13. Bh4 Bg7 14. Ne3 Ne7 15. d4 exd4 16. cxd4 c5 17. dxc5 dxc5 18. Qxd8 Rxd8 19. e5 g5 20. Nxg5 hxg5 21. Bxg5 Nfd5 22. Nxd5 Rxd5 23. Bxe7 Rxe5 24. Rxe5 Bxe5 25. Bxc5 Bxb2 26. Rb1 Bf6 27. Be4 Rb8 28. Ba7 Bb7 29. Bxb8 Bxe4 30. Rd1 Bc3 31. Ba7 Bf5 32. Rd8+ Kh7 33. Bd4 Bb4 34. Ra8 a5 35. Rb8 Bd3 36. f3 Bc4 37. Kf2 a4 38. g4 Bd6 39. Rd8 Bf4 40. Rd7 Bxa2 41. Rb7 Bc4 42. h4 a3 43. h5 a2 44. Rb8 f6 45. Bxf6 Bg8 46. Rb7+ Kh6 47. Bg7+ Kg5 48. Rxb5+ Kh4 49. Kg2 Bc4 50. Bf6+ Bg5 51. Bxg5# 1-0


[Site "https://www.chess.com"]

[Event "Titled Tuesday Blitz August 22 Early 2023"]
[White "Bortnyk, Olexandr"]
[Black "Lenderman, Aleksandr"]
[WhiteFideId "14120828"]
[BlackFideId "2021285"]
[WhiteElo "3048"]
[BlackElo "2855"]
[Result "1-0"]
[Round "10"]
[TimeControl "180+1"]
[Date "2023.08.22"]
[WhiteClock "0:01:11"]
[BlackClock "0:02:08"]
[Board "16"]

1. d4 d5 2. Nc3 Nf6 3. Bf4 Bf5 4. e3 e6 5. Nf3 Bd6 6. Bd3 Bxd3 7. Qxd3 Bxf4 8. exf4 O-O 9. O-O c6 10. Rfe1 Na6 11. Ne5 Nc7 12. Re3 Nce8 13. f5 exf5 14. Qxf5 Nd6 15. Qf4 Nfe4 16. Nxe4 Nxe4 17. f3 Nd6 18. Rae1 Qc7 19. h4 Rae8 20. h5 Re6 21. Ng4 Qe7 22. h6 g5 23. Rxe6 fxe6 24. Qe5 Nf5 25. c3 Kf7 26. Qh2 Rg8 27. a4 Qd6 28. Qh5+ Ke7 29. Ne5 Rf8 30. Qxg5+ Ke8 31. Qh5+ Ke7 32. g4 1-0


[Site "https://www.chess.com"]

[Event "Titled Tuesday Blitz August 22 Early 2023"]
[White "Martinez Alcantara, Jose Eduardo"]
[Black "Zemlyanskii, Ivan"]
[WhiteFideId "3805662"]
[BlackFideId "24249971"]
[WhiteElo "3027"]
[BlackElo "2852"]
[Result "1-0"]
[Round "10"]
[TimeControl "180+1"]
[Date "2023.08.22"]
[WhiteClock "0:02:03"]
[BlackClock "0:00:00"]
[Board "17"]

1. a3 d5 2. h3 e5 3. b3 Nf6 4. Bb2 Bd6 5. g3 c5 6. Bg2 Nc6 7. d3 O-O 8. Nd2 Re8 9. e4 d4 10. Ngf3 Rb8 11. O-O b5 12. Nh4 g6 13. Bc1 Be7 14. Nhf3 Nh5 15. Kh2 Qc7 16. Ng1 Be6 17. a4 a6 18. axb5 axb5 19. Ne2 Ng7 20. f4 exf4 21. Nxf4 Bd6 22. Nf3 c4 23. Kh1 Ra8 24. Rxa8 Rxa8 25. e5 Be7 26. Nxd4 Nxd4 27. Bxa8 cxb3 28. cxb3 Bxb3 29. Qe1 Nge6 30. Qf2 Nxf4 31. Bxf4 Qd7 32. Bg2 Bd5 33. Bxd5 Qxd5+ 34. Qg2 Qe6 35. Bh6 Qc8 36. g4 b4 37. Ra1 Nc6 38. Rc1 b3 39. Qxc6 Qb8 40. Qc8+ Qxc8 41. Rxc8+ 1-0


[Site "https://www.chess.com"]

[Event "Titled Tuesday Blitz August 22 Early 2023"]
[White "Galchenko, Matvey"]
[Black "Sadhwani, Raunak"]
[WhiteFideId "24175480"]
[BlackFideId "35093487"]
[WhiteElo "2848"]
[BlackElo "3026"]
[Result "1-0"]
[Round "10"]
[TimeControl "180+1"]
[Date "2023.08.22"]
[WhiteClock "0:00:08"]
[BlackClock "0:00:22"]
[Board "18"]

1. e4 g6 2. d4 Bg7 3. Nc3 d6 4. Nf3 Nf6 5. h3 a6 6. Be3 O-O 7. Bd3 b6 8. O-O Bb7 9. Re1 e6 10. Qd2 Nbd7 11. Bg5 e5 12. dxe5 dxe5 13. Nd5 c6 14. Ne3 Qc7 15. Qc3 Nc5 16. Nc4 Nh5 17. Nxb6 Qxb6 18. Be3 Nxe4 19. Bxe4 Qc7 20. Qb3 Kh8 21. Bc5 f5 22. Ng5 Rf6 23. Bf3 Re8 24. Bxh5 gxh5 25. Rad1 h6 26. Qf3 Kg8 27. Qxh5 Rd8 28. Rxd8+ Qxd8 29. Rd1 Qc8 30. Be7 1-0


[Site "https://www.chess.com"]

[Event "Titled Tuesday Blitz August 22 Early 2023"]
[White "Piorun, Kacper"]
[Black "Paravyan, David"]
[WhiteFideId "1130420"]
[BlackFideId "4194985"]
[WhiteElo "2846"]
[BlackElo "2964"]
[Result "0-1"]
[Round "10"]
[TimeControl "180+1"]
[Date "2023.08.22"]
[WhiteClock "0:00:01"]
[BlackClock "0:00:37"]
[Board "19"]

1. Nc3 Nf6 2. e4 e5 3. Bc4 Bc5 4. d3 O-O 5. Be3 Bxe3 6. fxe3 c6 7. Qf3 Qb6 8. Nge2 Qxb2 9. O-O d6 10. Rab1 Qa3 11. Qg3 Nbd7 12. Bb3 a5 13. d4 a4 14. Bxa4 exd4 15. exd4 Nxe4 16. Nxe4 Qxg3 17. N2xg3 Rxa4 18. Nxd6 Nf6 19. Nxc8 Rxc8 20. Rxb7 Rxa2 21. Nf5 Rca8 22. Rc1 Nd5 23. Kf2 g6 24. Nd6 R8a4 25. Nxf7 Rxd4 26. Nh6+ Kf8 27. Rf1 Rf4+ 28. Kg1 Rxf1+ 29. Kxf1 Rxc2 30. Rxh7 Ne3+ 31. Ke1 Nxg2+ 32. Kf1 Ne3+ 33. Kg1 Rg2+ 34. Kh1 Rf2 35. h4 c5 36. Rc7 c4 37. Kg1 Rf4 38. h5 gxh5 39. Kh2 Rf6 40. Rc8+ Kg7 41. Ng8 Rf8 0-1


[Site "https://www.chess.com"]

[Event "Titled Tuesday Blitz August 22 Early 2023"]
[White "Yanchenko, Roman"]
[Black "Kamsky, Gata"]
[WhiteFideId "4137329"]
[BlackFideId "2000024"]
[WhiteElo "2822"]
[BlackElo "2927"]
[Result "1-0"]
[Round "10"]
[TimeControl "180+1"]
[Date "2023.08.22"]
[WhiteClock "0:00:08"]
[BlackClock "0:00:00"]
[Board "20"]

1. d4 f5 2. Nf3 Nf6 3. g3 g6 4. Bg2 Bg7 5. O-O O-O 6. c4 d6 7. Nc3 c6 8. b3 a5 9. Bb2 Na6 10. Re1 Ne4 11. e3 Nxc3 12. Bxc3 Nc5 13. Qc2 Ne4 14. Bb2 a4 15. Nd2 a3 16. Bc1 d5 17. cxd5 cxd5 18. Nxe4 fxe4 19. Qc5 e5 20. dxe5 Bxe5 21. Bxa3 Rf7 22. Rad1 Be6 23. Bb4 Rxa2 24. Rd2 Rxd2 25. Bxd2 Qf6 26. Rf1 Rc7 27. Qb6 Bf7 28. Qxf6 Bxf6 29. Rc1 Rc6 30. Rxc6 bxc6 31. b4 Be6 32. Bf1 Bd7 33. Ba6 Kf7 34. h4 Ke6 35. Kf1 Kd6 36. Ke1 Kc7 37. Be2 Kb6 38. h5 Bc8 39. hxg6 hxg6 40. f4 exf3 41. Bxf3 Bf5 42. Be2 Be4 43. Kf2 Be5 44. Bf1 g5 45. g4 Bf6 46. Be2 Bc2 47. Ke1 Ba4 48. Bf3 Be7 49. e4 Bb3 50. exd5 cxd5 51. Be2 Bc2 52. Bc3 Bb3 53. Bd4+ Kc6 54. b5+ Kb7 55. Kd2 Bd6 56. Kc3 Ba4 57. Bf6 Bf4 58. Kd4 Bb3 59. Bd8 Bc1 60. Kc3 Ba4 61. Kb4 Bc2 62. b6 1-0


[Site "https://www.chess.com"]